 Dungeon Crawl Stone Soup version 0.23-a0-619-g281719c (console) character file.

31116 Duffy the Devastator (level 13, 0/63 HPs)
             Began as a Deep Elf Fire Elementalist on Dec 22, 2018.
             Was a High Priest of Vehumet.
             Hit by a javelin thrown by a minotaur (36 damage)
             ... in a Gauntlet.
             The game lasted 00:25:55 (19032 turns).

Duffy the Devastator (Deep Elf Fire Elementalist)  Turns: 19032, Time: 00:25:56

Health: 0/63       AC:  8    Str:  5    XL:     13   Next: 24%
Magic:  42/42      EV: 12    Int: 35    God:    Vehumet [*****.]
Gold:   122        SH:  0    Dex: 15    Spells: 18/38 levels left

rFire    + . .     SeeInvis .   s - staff of conjuration {!a}
rCold    + + .     Gourm    .   (no shield)
rNeg     + . .     Faith    +   y - +0 troll leather armour
rPois    +         Spirit   .   J - +3 hat of Pondering {ponderous, MR+ MP+10 Int+5}
rElec    .         Reflect  .   h - scarf {rC+ rF+}
rCorr    .         Harm     .   r - +0 pair of gloves
MR       +++..     NoTele   +   (no boots)
Stlth    ++........             E - amulet of faith
HPRegen  0.60/turn              k - +4 ring of intelligence
MPRegen  0.28/turn              v - ring "Yppaalu" {rPois rC+ rN+ MR+ Slay+3}

@: slow
A: no striking features
a: Renounce Religion


You were in a Gauntlet.
You worshipped Vehumet.
Vehumet was extremely pleased with you.
You were very hungry.

You visited 2 branches of the dungeon, and saw 16 of its levels.
You also visited: Gauntlet.

You collected 960 gold pieces.
You spent 838 gold pieces at shops.

Inventory:

Armour
 h - a scarf of resistance (worn)
 j - a +0 cloak
 r - a +0 pair of gloves (worn)
 y - a +0 troll leather armour (worn)
 J - the +3 hat of Pondering (worn) {ponderous, MR+ MP+10 Int+5}
   (You bought it in a shop on level 9 of the Dungeon)

   It affects your intelligence (+5).
   It affects your resistance to hostile enchantments.
   It affects your magic capacity (+10).
Magical Staves
 s - an uncursed staff of conjuration (weapon) {!a}
Jewellery
 k - a +4 ring of intelligence (left hand)
 u - an uncursed amulet of magic regeneration
 v - the ring "Yppaalu" (right hand) {rPois rC+ rN+ MR+ Slay+3}
   (You found it in a Gauntlet)

   [ring of slaying]

   It affects your accuracy and damage with ranged weapons and melee attacks
   (+3).
   It protects you from cold.
   It protects you from poison.
   It protects you from negative energy.
   It affects your resistance to hostile enchantments.
 w - an uncursed amulet of the acrobat
 D - an uncursed ring of wizardry
 E - an amulet of faith (around neck)
 K - a +2 ring of protection
 P - an uncursed amulet of guardian spirit {unknown}
Wands
 l - a wand of flame (11)
 q - a wand of iceblast (16)
 t - a wand of digging (15)
 C - a wand of paralysis (4)
 M - a wand of polymorph (4)
Scrolls
 b - 9 scrolls of teleportation
 i - 2 scrolls of blinking
 o - a scroll of enchant weapon {unknown}
 p - a scroll of immolation
 x - a scroll of noise {unknown}
 z - 2 scrolls of enchant armour {unknown}
 G - 2 scrolls of remove curse
 O - a scroll of summoning {unknown}
 Q - 2 scrolls of vulnerability {unknown}
 R - a scroll of holy word {unknown}
 S - a scroll of magic mapping {unknown}
Potions
 a - 5 potions of degeneration
 d - 9 potions of curing
 e - 2 potions of flight
 f - 7 potions of haste
 g - 3 potions of berserk rage
 m - 3 potions of heal wounds
 n - 4 potions of lignification
 A - 2 potions of brilliance
 B - a potion of agility {unknown}
 F - a potion of might {unknown}
 H - a potion of magic
 I - a potion of invisibility
 L - a potion of cancellation
 N - a potion of mutation {unknown}
Comestibles
 c - 36 rations


   Skills:
 - Level 2.4 Dodging
 - Level 2.4 Stealth
 + Level 13.2 Spellcasting
 * Level 15.2 Conjurations
 * Level 15.2 Fire Magic


You had 18 spell levels left.
You knew the following spells:

 Your Spells              Type           Power        Failure   Level  Hunger
a - Flame Tongue          Conj/Fire      #####        0%          1    None
h - Iskenderun's Mystic   Conj           ########     1%          4    None
j - Sticky Flame          Conj/Fire      ########     1%          4    None
k - Fireball              Conj/Fire      ########..   1%          5    None
l - Conjure Flame         Conj/Fire      ########     0%          3    None
o - Mephitic Cloud        Conj/Pois/Air  ######..     1%          3    None

Your spell library contained the following spells:

 Spells                   Type           Power        Failure   Level  Hunger
 Spellforged Servitor     Conj/Summ      #######...   28%         7    #####..
 Magic Dart               Conj           ####         0%          1    None
 Searing Ray              Conj           ######       0%          2    None
 Throw Flame              Conj/Fire      ######       0%          2    None
 Dazzling Spray           Conj/Hex       ######       1%          3    None
 Inner Flame              Hex/Fire       ######..     1%          3    None
 Force Lance              Conj/Tloc      #######.     1%          4    None
 Fulminant Prism          Conj/Hex       #######...   1%          4    None
 Irradiate                Conj/Tmut      #######...   1%          5    None
 Confusing Touch          Hex            ###...       3%          1    None
 Corona                   Hex            ###....      3%          1    None
 Slow                     Hex            ###.....     4%          2    None
 Confuse                  Hex            ###.....     9%          3    None
 Gell's Gravitas          Tloc           ###.......   9%          3    None
 Portal Projectile        Hex/Tloc       ###...       9%          3    None
 Yara's Violent Unravell  Hex/Tmut       ###.......   21%         5    None
 Cause Fear               Hex            ###.......   30%         4    None
 Leda's Liquefaction      Hex/Erth       ###.......   30%         4    None
 Petrify                  Tmut/Erth      ###.....     30%         4    None
 Metabolic Englaciation   Hex/Ice        ###.......   63%         5    None
 Hydra Form               Tmut           ###.......   99%         6    ###....
 Statue Form              Tmut/Erth      ###......    99%         6    ###....
 Dragon Form              Tmut           ###.......   100%        7    #####..


Dungeon Overview and Level Annotations

Branches:
Dungeon (11/15)            Temple (0/1) D:4            Lair (5/6) D:11
 Shoals (0/4) Lair:4        Snake (0/4) Lair:2
  Slime: Lair:5-6       Orc: D:9-12

Altars:
Elyvilon
Fedhas
Makhleb
Trog
Uskayaw
Vehumet
Wu Jian

Shops:
D:9 [

Annotations:
Lair:3 1 runed door, crauler's ghost, journeyman OgHu Gauntlet 9 transporters


Message History

Magic restored.
HP restored.
v - a flickering iron ring
There is a transporter here.
You now have 122 gold pieces (gained 45).
You see here a mace.
There is a transporter here.
You enter the transporter and appear at another place.
Put on which piece of jewellery? (? for menu, Esc to quit)
You're wearing all the rings you can.
Remove which one? (? for menu, Esc to cancel) < or
k - a +4 ring of intelligence; > or
K - a +2 ring of protection You remove your +2 ring of protection.
v - the ring "Yppaalu" (right hand) {rPois rC+ rN+ MR+ Slay+3} A minotaur comes into view.
It is wielding a +4 mace of crushing.
The minotaur bellows!
The minotaur throws a javelin.
The javelin hits you!!
The minotaur throws a javelin.
The javelin hits you!!!
Ouch! That really hurt!
You die...

#..#^#....^...^#...#x.#.^.#.x#
#..###.........#...#x#.#.#.#.#
#....#........)#...#X.#x#.#..#
#8...#.........#...#.#.#.#.#.#
###..#.........#...#.........#
#..###########...###########
#........#^#.......#^#......
#8.......#.#..8}8..#.#......
##########@#########.#######
#.......... ... #..........
..# ##.##.##.## ## #. .# # ..
.. .# #H #. .#


You could see a minotaur.

Vanquished Creatures
  A blizzard demon (Gauntlet)
  5 hydras
  A tengu warrior (Gauntlet)
  Nergalle (Lair:1)
  2 merfolk sirens (Lair:4)
  3 black mambas
  10 elephants
  Maurice (D:9)
  7 spiny frogs
  A rime drake (Lair:4)
  A gargoyle (D:10)
  An ice devil (Gauntlet)
  2 merfolk (Lair:4)
  A tengu conjurer (Gauntlet)
  4 trolls
  3 blink frogs (Lair:3)
  5 hippogriffs
  2 dream sheep (D:8)
  A shadow (D:11)
  A wraith (D:11)
  22 yaks
  4 basilisks
  Grum (D:8)
  2 hungry ghosts
  3 nagas (Lair:2)
  11 water moccasins
  13 porcupines
  4 ice beasts
  5 orc warriors
  3 phantoms
  2 black bears
  5 ogres
  4 wolves (D:8)
  2 centaurs (D:7)
  11 crocodiles
  Blork the orc (D:4)
  6 big kobolds
  12 bullfrogs
  A wyvern skeleton (D:6)
  2 scorpions
  15 killer bees
  5 wights (D:11)
  A howler monkey (D:8)
  An electric eel (D:8)
  3 crimson imps
  8 hounds
  3 bullfrog zombies
  2 jellies
  Crazy Yiuf (D:2)
  10 orc priests
  A quasit (D:11)
  3 centaur skeletons
  An iguana (D:5)
  10 orc wizards
  2 worker ants
  A hound zombie (D:10)
  A hound skeleton (D:7)
  Robin (D:3)
  A worker ant zombie (D:8)
  11 adders
  5 gnolls
  A howler monkey skeleton (D:10)
  3 shadow imps
  A white imp (Gauntlet)
  2 oozes
  4 adder zombies
  An adder skeleton (D:8)
  2 worms
  3 dart slugs
  5 leopard geckos
  39 orcs
  2 giant cockroaches
  10 goblins
  12 hobgoblins
  7 jackals
  4 quokkas
  3 ball pythons
  9 bats
  5 frilled lizards
  20 kobolds
  9 rats
  A fungus (Lair:4)
  7 plants
403 creatures vanquished.

Vanquished Creatures (others)
  3 fungi (Lair:3)
  10 plants
13 creatures vanquished.

Grand Total: 416 creatures vanquished

Notes
Turn   | Place    | Note
-------+----------+-------------------------------------------
     0 | D:1      | Duffy the Deep Elf Fire Elementalist began the quest for
                  | the Orb.
     0 | D:1      | Reached XP level 1. HP: 10/10 MP: 6/6
   277 | D:1      | You fall through a shaft!
   278 | D:2      | Reached XP level 2. HP: 15/15 MP: 6/8
   784 | D:1      | Reached XP level 3. HP: 19/19 MP: 6/9
   789 | D:1      | Learned a level 3 spell: Conjure Flame
  1696 | D:2      | Found a burning altar of Makhleb.
  1702 | D:2      | Reached XP level 4. HP: 20/24 MP: 3/11
  1801 | D:2      | Learned a level 4 spell: Sticky Flame
  1847 | D:2      | Noticed an orc warrior
  1885 | D:2      | Killed an orc warrior
  1885 | D:2      | Reached XP level 5. HP: 28/28 MP: 1/13
  2374 | D:2      | Found a runed door.
  2378 | D:2      | Noticed Crazy Yiuf
  2382 | D:2      | Killed Crazy Yiuf
  2695 | D:3      | Reached skill level 5 in Fire Magic
  2695 | D:3      | Reached XP level 6. HP: 32/32 MP: 4/14
  2696 | D:3      | Reached skill level 5 in Conjurations
  2759 | D:3      | Learned a level 5 spell: Fireball
  2925 | D:3      | Noticed Robin
  2936 | D:3      | Killed Robin
  3245 | D:3      | Noticed an ice beast
  3252 | D:3      | Killed an ice beast
  3964 | D:3      | Found a radiant altar of Vehumet.
  4089 | D:3      | Became a worshipper of Vehumet
  4192 | D:4      | Noticed Blork the orc
  4198 | D:4      | Killed Blork the orc
  4198 | D:4      | Reached skill level 5 in Spellcasting
  4198 | D:4      | Reached XP level 7. HP: 30/36 MP: 9/16
  4249 | D:4      | Found an ornate altar of the Wu Jian Council.
  4513 | D:4      | Found a staircase to the Ecumenical Temple.
  4771 | D:5      | Entered Level 5 of the Dungeon
  5038 | D:5      | Reached XP level 8. HP: 23/41 MP: 6/19
  5536 | D:5      | Found a blossoming altar of Fedhas.
  5923 | D:6      | Reached * piety under Vehumet
  5923 | D:6      | Offered knowledge of Sting by Vehumet.
  6522 | D:6      | Noticed a troll
  6536 | D:6      | Killed a troll
  6866 | D:6      | Reached XP level 9. HP: 22/45 MP: 18/22
  7086 | D:7      | Offered knowledge of Freeze by Vehumet.
  7143 | D:7      | Found a bloodstained altar of Trog.
  7273 | D:7      | Reached ** piety under Vehumet
  8155 | D:8      | Found a white marble altar of Elyvilon.
  8247 | D:8      | Offered knowledge of Mephitic Cloud by Vehumet.
  8276 | D:8      | Reached skill level 10 in Conjurations
  8276 | D:8      | Reached skill level 10 in Fire Magic
  8363 | D:8      | Reached *** piety under Vehumet
  8374 | D:8      | Reached XP level 10. HP: 48/50 MP: 11/24
  8467 | D:8      | Noticed a three-headed hydra
  8476 | D:8      | Killed a three-headed hydra
  8640 | D:8      | Learned a level 3 spell: Mephitic Cloud
  8843 | D:8      | Offered knowledge of Ignite Poison by Vehumet.
  9054 | D:8      | Noticed Grum
  9059 | D:8      | Killed Grum
  9290 | D:9      | Reached **** piety under Vehumet
  9375 | D:9      | Offered knowledge of Irradiate by Vehumet.
  9758 | D:9      | Found Wuab's Antique Armour Emporium.
 10003 | D:9      | Noticed Maurice
 10012 | D:9      | Killed Maurice
 10012 | D:9      | Reached skill level 10 in Spellcasting
 10297 | D:10     | Entered Level 10 of the Dungeon
 10405 | D:10     | Reached XP level 11. HP: 54/54 MP: 13/27
 11451 | D:11     | Found a staircase to the Lair.
 12195 | D:11     | Found a hide-covered altar of Uskayaw.
 12342 | D:11     | Noticed a seven-headed hydra
 12673 | D:11     | Killed a seven-headed hydra
 12866 | Lair:1   | Entered Level 1 of the Lair of Beasts
 12867 | Lair:1   | Reached ***** piety under Vehumet
 12867 | Lair:1   | Offered knowledge of Spellforged Servitor by Vehumet.
 13438 | Lair:1   | Noticed Nergalle
 13474 | Lair:1   | Killed Nergalle
 14057 | Lair:2   | Learned a level 4 spell: Iskenderun's Mystic Blast
 14289 | Lair:2   | Reached XP level 12. HP: 55/59 MP: 21/29
 15068 | Lair:2   | Found a staircase to the Snake Pit.
 15663 | Lair:3   | Noticed a seven-headed hydra
 15667 | Lair:3   | Killed a seven-headed hydra
 15844 | Lair:3   | Found a runed door.
 15854 | Lair:3   | Noticed crauler's ghost (journeyman OgHu)
 15982 | Lair:3   | Noticed a seven-headed hydra
 16138 | Lair:3   | Killed a seven-headed hydra
 16869 | Lair:4   | Found a staircase to the Shoals.
 17147 | Lair:4   | Noticed a six-headed hydra
 17292 | Lair:4   | Reached XP level 13. HP: 30/63 MP: 27/31
 17361 | Lair:4   | Reached skill level 15 in Fire Magic
 17473 | Lair:4   | Reached skill level 15 in Conjurations
 17771 | D:9      | Bought the +3 hat of Pondering {ponderous, MR+ MP+10 Int+5}
                  | for 838 gold pieces
 17771 | D:9      | Found the +3 hat of Pondering {ponderous, MR+ MP+10 Int+5}
 18523 | Lair:5   | Found a gate leading to a gauntlet.
 18532 | Gauntlet | Entered a Gauntlet
 18532 | Gauntlet | Found a transporter.
 18532 | Gauntlet | Found a transporter.
 18537 | Gauntlet | Found a transporter.
 18552 | Gauntlet | Found a transporter.
 18566 | Gauntlet | Found a transporter.
 18582 | Gauntlet | Found a transporter.
 18598 | Gauntlet | Noticed a blizzard demon
 18599 | Gauntlet | Found a transporter.
 18671 | Gauntlet | Found a transporter.
 18686 | Gauntlet | Found a transporter.
 18700 | Gauntlet | Found a transporter.
 18716 | Gauntlet | Found a transporter.
 18729 | Gauntlet | Found a transporter.
 18796 | Gauntlet | Found a transporter.
 18806 | Gauntlet | Found a transporter.
 18834 | Gauntlet | Found a transporter.
 18844 | Gauntlet | Found a transporter.
 18868 | Gauntlet | Paralysed by a floating eye for 2 turns
 18971 | Gauntlet | Killed a blizzard demon
 19020 | Gauntlet | Got a flickering iron ring
 19030 | Gauntlet | Identified the ring "Yppaalu" {rPois rC+ rN+ MR+ Slay+3}
                  | (You found it in a Gauntlet)
 19031 | Gauntlet | Noticed a minotaur
 19032 | Gauntlet | Hit by a javelin thrown by a minotaur

Vault maps used:
D:1:      saegor_arrival_simple_d
D:2:      makhleb_blood_cavern_becter, minmay_divided_ellipse,
          uniq_crazy_yiuf_cottage
D:3:      lemuel_round_altar, uniq_robin
D:4:      nicolae_overflow_crystal_walls, temple_doors_e, uniq_blork_the_orc
D:5:      fedhas_ov_isle_minmay, first_ration
D:6:      minmay_liquid_box, minmay_joined_circles
D:7:      overflow_temple_1_default
D:8:      lemuel_doored_altar, hangedman_ranch, serial_bayou_lagoon_a, uniq_grum
D:9:      serial_shops, shop, uniq_maurice
D:11:     dpeg_oklobed_lair, basic_altar, hangedman_abyss_or_decor_clamps,
          lemuel_flamethrower_2
Lair:1:   serial_bayou_shore_b, lemuel_fruit_tree, uniq_nergalle
Lair:2:   guppyfry_snake_entry_island, infiniplex_staircase_pool_2,
          grunt_megastairs_5, lemuel_fruit_fields, serial_bayou_shore_a
Lair:3:   ebering_ghost_inner_flame, infiniplex_staircase_pool
Lair:4:   elwin_shoals_entry_stream
Lair:5:   dpeg_slime_entry_enclosed_altar, gauntlet_entry_generic
Gauntlet: gammafunk_gauntlet_branching

Skill      XL: |  1  2  3  4  5  6  7  8  9 10 11 12 13 |
---------------+----------------------------------------+-----
Conjurations   | 2 3 4 5 7 8 10 11 13 14 15 | 15.2
Fire Magic     | 4 5 7 8 10 11 13 14 15 | 15.2
Spellcasting   | 4 5 6 7 8 10 11 12 13 | 13.2
Dodging        | |  2.4
Stealth        | |  2.4

Action                   |  1- 3 |  4- 6 |  7- 9 | 10-12 | 13-15 || total
-------------------------+-------+-------+-------+-------+-------++-------
 Cast: Flame Tongue      |    72 |    99 |   235 |   222 |       ||   628
       Conjure Flame     |       |     3 |    10 |    22 |       ||    35
       Sticky Flame      |       |     2 |    29 |    48 |     2 ||    81
       Fireball          |       |       |     2 |    67 |     7 ||    76
       Iskenderun's Myst |       |       |       |    80 |    15 ||    95
Evoke: Wand              |       |     4 |     3 |     2 |       ||     9
  Use: Scroll            |       |       |    11 |    10 |     1 ||    22
       Potion            |       |       |     2 |       |       ||     2
  Eat: Chunk             |     2 |     8 |    15 |    25 |     1 ||    51
       Ration            |       |       |       |     2 |     1 ||     3
Armor: Robe              |     3 |       |       |       |       ||     3
       Leather armour    |       |    10 |     4 |       |       ||    14
       Troll leather arm |       |       |    15 |    41 |     1 ||    57
       Skin              |       |       |    12 |       |       ||    12
Dodge: Dodged            |    15 |    21 |    39 |    70 |     1 ||   146

Table legend:
 A = Non-vault XP
 B = Vault XP
 C = Vault XP percentage of total XP
 D = Non-vault monster count
 E = Vault monster count
 F = Vault count percentage of total count
                 A         B        C        D         E       F
            +---------+---------+-------+---------+---------+-------
      Total |   34437 |   10015 |  22.5 |     333 |      62 |  15.7
            +---------+---------+-------+---------+---------+-------
        D:1 |      41 |       0 |   0.0 |      22 |       0 |   0.0
        D:2 |      37 |     285 |  88.5 |      16 |      15 |  48.4
        D:3 |     331 |      31 |   8.6 |      25 |       9 |  26.5
        D:4 |     204 |      96 |  32.0 |      12 |       1 |   7.7
        D:5 |     662 |       0 |   0.0 |      10 |       0 |   0.0
        D:6 |    1173 |     266 |  18.5 |      22 |       6 |  21.4
        D:7 |    1103 |       0 |   0.0 |      31 |       0 |   0.0
        D:8 |    1425 |    2847 |  66.6 |      34 |      13 |  27.7
        D:9 |    1486 |     433 |  22.6 |      31 |       1 |   3.1
       D:10 |    2794 |       0 |   0.0 |      25 |       0 |   0.0
       D:11 |    4183 |       0 |   0.0 |      27 |       0 |   0.0
     Lair:1 |    2831 |     816 |  22.4 |      12 |       1 |   7.7
     Lair:2 |    3789 |     956 |  20.1 |      22 |       7 |  24.1
     Lair:3 |    5956 |       0 |   0.0 |      21 |       0 |   0.0
     Lair:4 |    8422 |    1617 |  16.1 |      23 |       4 |  14.8
   Gauntlet |       0 |    2668 | 100.0 |       0 |       5 | 100.0
            +---------+---------+-------+---------+---------+-------
